 Dungeon Crawl Stone Soup version 0.20-a0-495-g2241292 (webtiles) character file.

26 Amnesiac the Vexing (level 2, 0/19 HPs)
             Began as a Mummy Enchanter on Jan 18, 2017.
             Slain by an adder (2 damage)
             ... on level 3 of the Dungeon.
             The game lasted 00:01:54 (739 turns).

Amnesiac the Vexing (Mummy Enchanter)                Turns: 739, Time: 00:01:54

Health: 0/19       AC:  2    Str: 11    XL:     2   Next: 89%
Magic:  1/6        EV: 12    Int: 14    God:
Gold:   18         SH:  0    Dex: 12    Spells: 6/7 levels left

rFire    x . .     SeeInvis .   a - +1 dagger
rCold    + . .     Gourm    .   b - +0 robe
rNeg     + + +     Faith    .   (no shield)
rPois    ∞         Spirit   .   (no helmet)
rElec    .         Reflect  .   (no cloak)
rCorr    .         Harm     .   (no gloves)
MR       .....                  (no boots)
Stlth    ++........             (no amulet)
Regen    0.1/turn               (no ring)
                                (no ring)

@: no status effects
A: no food or potions, fire vulnerability, cold resistance 1, negative energy
resistance 3, torment resistance, unbreathing
a: no special abilities


You were on level 3 of the Dungeon.
You were not hungry.

You visited 1 branch of the dungeon, and saw 3 of its levels.

You collected 18 gold pieces.

Inventory:

Hand Weapons
 a - a +1 dagger (weapon)
 e - a +0 hunting sling
Missiles
 f - 21 stones (quivered)
Armour
 b - a +0 robe (worn)
Jewellery
 g - an uncursed amulet of guardian spirit {unknown}
Scrolls
 d - a scroll of fear {unknown}
Books
 c - a book of Maledictions

   Spells                             Type                      Level
   a - Corona                         Hexes                        1
   b - Ensorcelled Hibernation        Hexes/Ice                    2
   c - Confuse                        Hexes                        3
   d - Tukima's Dance                 Hexes                        3
   e - Dazzling Spray                 Conjuration/Hexes            3
 h - a book of Minor Magic

   Spells                             Type                      Level
   a - Magic Dart                     Conjuration                  1
   b - Blink                          Translocation                2
   c - Call Imp                       Summoning                    2
   d - Repel Missiles                 Charms/Air                   2
   e - Slow                           Hexes                        2
   f - Conjure Flame                  Conjuration/Fire             3
   g - Mephitic Cloud                 Conjuration/Poison/Air       3


   Skills:
 - Level 0.7 Short Blades
 - Level 1.5 Dodging
 - Level 2.4 Stealth
 + Level 3.1 Spellcasting
 * Level 3.5 Hexes


You had 6 spell levels left.
You knew the following spells:

 Your Spells              Type           Power        Failure   Level  Hunger
f - Corona                Hex            ##.....      6%          1    N/A

Dungeon Overview and Level Annotations

Branches:
Dungeon (3/15)

Altars:


Innate Abilities, Weirdness & Mutations

You do not eat or drink.
Your flesh is vulnerable to fire.
You are immune to poison.
Your flesh is cold resistant. (rC+)
You are immune to negative energy. (rN+++)
You are immune to unholy pain and torment.
You can survive without breathing.


Message History

The adder struggles to resist.
The adder bites you.
Casting: Corona
Confirm with . or Enter, or press ? or * to list all spells.
Aiming: Corona
Press: ? - help, Shift-Dir - straight line, f/p - adder
Aim: an adder (moderately wounded, chance to defeat MR: 57%)
The adder is outlined in light.
The adder closely misses you.
You hit the adder.
The adder is heavily wounded.
The adder bites you.
* * * LOW HITPOINT WARNING * * *
The adder closely misses you.
You closely miss the adder.
The adder is heavily wounded.
The adder bites you.
* * * LOW HITPOINT WARNING * * *
You hit the adder.
The adder is severely wounded.
The adder bites you.
You die...

#.........
#.........
#.........
#.........
#.........
#.........
#.........
#.@.......
####S###.####
##........#
##..(......#
#...........#
#...........#
#(.<........#
##.........##
##...#...##


You could see an adder.

Vanquished Creatures
  An adder (D:2)
  A worm (D:2)
  A leopard gecko (D:3)
  2 bats (D:2)
  A goblin (D:2)
  3 hobgoblins
  5 rats
14 creatures vanquished.

Vanquished Creatures (others)
  5 toadstools (D:1)
5 creatures vanquished.

Grand Total: 19 creatures vanquished

Notes
Turn   | Place    | Note
-------+----------+-------------------------------------------
     0 | D:1      | Amnesiac the Mummy Enchanter began the quest for the Orb.
     0 | D:1      | Reached XP level 1. HP: 13/13 MP: 4/4
   442 | D:2      | Reached XP level 2. HP: 15/19 MP: 4/6
   739 | D:3      | Slain by an adder

Vault maps used:
D:1:      ldierk_walled_garden, minmay_quantized
D:2:      yredelemnul_altar_generic, makhleb_heckhound_becter
D:3:      trog_eyes_of_draining

Skill      XL: |  1 |
---------------+----+-----
Spellcasting   | 3 |  3.1
Hexes          | 3 |  3.5
Short Blades   | |  0.7
Dodging        | |  1.5
Stealth        | |  2.4

Action                   || total
-------------------------++-------
Melee: Dagger            ||    14
 Fire: Hunting sling     ||    50
 Cast: Corona            ||    13
 Stab: Sleeping          ||     2
Armor: Robe              ||    11
Dodge: Dodged            ||    36
